cohdb
Replays
Latest Replays
All Replays
Popular Replays
Top Player Replays
Match Explorer
How It Works
Community
CoH3 Stats
Reddit
Sign in to upload your games and track your stats! →
Sign in with Steam
Match 41837825
Unlisted
Match 41837825
Overview
Messages
Build Orders
End
Construct Barracks
Selects Armored Battlegroup
Selects Veteran Crews
Engineer Squad
Riflemen Squad
Riflemen Squad
Mortar Pit
Grenade Package
Riflemen Squad
Construct Medical Station
Riflemen Squad
Mechanized Support Center
.30 cal Machine Gun
Construct Motor Pool
M24 Chaffee Light Tank
Selects Field Repairs
Selects Strength in Steel
M24 Chaffee Light Tank
M24 Chaffee Light Tank
M24 Chaffee Light Tank
Selects War Machine
M24 Chaffee Light Tank
Construct Tank Depot
Selects Seek and Destroy
Selects UNKNOWN (2160077)
M1918 Browning Automatic Rifles
M4(105) Sherman Bulldozer
Seek and Destroy
M18 Hellcat Tank Destroyer
Riflemen Squad
活地草
nabout
Funny mad pee
RedSavage
wila
LittleFatty233
幻想r
MG22
0
0
Comments
sign in to comment!
No comments posted yet!